 Dungeon Crawl Stone Soup version 0.18.1-50-g88ac8fd (webtiles) character file.

5 ololoev the Firebug (level 1, 10/10 HPs)
             Began as a Deep Elf Fire Elementalist on Nov 2, 2016.
             Quit the game on level 3 of the Dungeon.
             The game lasted 00:01:27 (134 turns).

ololoev the Firebug (Deep Elf Fire Elementalist)     Turns: 134, Time: 00:01:28

Health: 10/10      AC:  3    Str:  5    XL:     1   Next: 66%
Magic:  6/6        EV: 13    Int: 19    God:    Xom [..*...]
Gold:   0          SH:  0    Dex: 15    Spells: 1 memorised, 5 levels left

rFire  . . .     SeeInvis .     (no weapon)
rCold  . . .     Gourm    .     a - +0 robe
rNeg   . . .     Faith    .     (no shield)
rPois  .         Spirit   .     (no helmet)
rElec  .         Dismiss  .     (no cloak)
rCorr  .         Reflect  .     (no gloves)
SustAt .         Harm     .     e - +0 pair of boots
MR     .....                    (no amulet)
Stlth  ++........               (no ring)
                                (no ring)

@: not resistant to hostile enchantments, unstealthy
A: no striking features
a: Renounce Religion

Inventory:

Armour
 a - a +0 robe (worn)
 e - a +0 pair of boots (worn)
Scrolls
 f - a scroll of remove curse {unknown}
Potions
 d - a potion of lignification {unknown}
 h - a potion of invisibility {unknown}
Books
 b - a book of Flames

   Spells                             Type                      Level
   a - Flame Tongue                   Conjuration/Fire             1
   b - Throw Flame                    Conjuration/Fire             2
   c - Conjure Flame                  Conjuration/Fire             3
   d - Inner Flame                    Hexes/Fire                   3
   e - Sticky Flame                   Conjuration/Fire             4
   f - Fireball                       Conjuration/Fire             5
Comestibles
 c - a bread ration
 g - a meat ration


   Skills:
 - Level 2.4 Dodging
 - Level 2.4 Stealth
 + Level 3.1 Spellcasting
 + Level 1.4 Conjurations
 + Level 3.4 Fire Magic


You had 5 spell levels left.
You knew the following spells:

 Your Spells              Type           Power        Failure   Level  Hunger
a - Flame Tongue          Conj/Fire      ##...        8%          1    None


You were on level 3 of the Dungeon.
You worshipped Xom.
You were a toy of Xom.
You were not hungry.

You visited 1 branch of the dungeon, and saw 3 of its levels.

##### ... #.... .o.
#.... ###### .o.
#.... #.(..###.#
#....###....?...#
#.....<.....8...#
#..........8.8..##
##........8.@.8..#
#.........8.8...#
#..........8....#
#.................#
#................K#
#.......?.........#
#.................#
#####..........#

Notes
Turn   | Place    | Note
--------------------------------------------------------------
     0 | D:1      | ololoev the Deep Elf Fire Elementalist began the quest for the Orb.
     0 | D:1      | Reached XP level 1. HP: 10/10 MP: 6/6
    82 | D:2      | Found a sacrificial altar of Ru.
   124 | D:3      | Found a faded altar to an unknown god.
   134 | D:3      | Noticed an orc wizard
   134 | D:3      | Became a worshipper of Xom of Bloodstained Whimsey
   134 | D:3      | Quit the game

Dungeon Overview and Level Annotations

Branches:
Dungeon (3/15)

Altars:
Ru
Xom


Message History

There is an open door here.
Found a short sword.
A dart slug comes into view.
There is a stone staircase leading down here.
Your magical contamination has completely faded away.
Casting: Flame Tongue
Confirm with . or Enter, or press ? or * to list all spells.
Aiming: Flame Tongue
Press: ? - help, Shift-Dir - straight line, f - dart slug
Aim: a dart slug The flame tongue hits the dart slug.
The dart slug is heavily wounded.
Casting: Flame Tongue
Confirm with . or Enter, or press ? or * to list all spells.
Aiming: Flame Tongue
Press: ? - help, Shift-Dir - straight line, f/p - dart slug
Aim: a dart slug (heavily wounded, clinging)
The flame tongue hits the dart slug.
The dart slug is almost dead.
Casting: Flame Tongue
Confirm with . or Enter, or press ? or * to list all spells.
Aiming: Flame Tongue
Press: ? - help, Shift-Dir - straight line, f/p - dart slug
Aim: a dart slug (almost dead, clinging)
The flame tongue hits the dart slug.
You kill the dart slug!
(D) Dungeon
Where to? (? - help)
There is a stone staircase leading down here.
You climb downwards.
There is a stone staircase leading up here.
Found a scroll labeled DUTEYS ETEICAE.
Found a stone staircase leading up.
f - a scroll labeled DUTEYS ETEICAE
There is a stone staircase leading up here.
You climb upwards.
Found a robe and a leather armour.
There is a stone staircase leading down here.
You climb downwards.
There is a stone staircase leading up here.
Found a sacrificial altar of Ru.
Found a meat ration.
g - a meat ration
Found 25 arrows.
Found a stone staircase leading down.
A kobold comes into view. It is wielding a short sword.
The kobold shouts!
The kobold throws a stone.
The stone misses you.
You see here a stone.
The kobold throws a stone.
The stone barely misses you.
Things that are here:
a stone; 25 arrows The kobold throws a stone.
The stone closely misses you.
Casting: Flame Tongue
Confirm with . or Enter, or press ? or * to list all spells.
Aiming: Flame Tongue
Press: ? - help, Shift-Dir - straight line, f - kobold
Aim: a kobold, wielding a short sword The flame tongue hits the kobold.
You kill the kobold!
There is a stone staircase leading down here.
Things that are here:
a short sword; 2 stones; a kobold corpse
(D) Dungeon
Where to? (Enter - D:2, ? - help)
There is a stone staircase leading down here.
You climb downwards.
Found a grey potion, 2 scrolls labeled PUUSUEZANWENWU and 16 sling bullets.
Found a faded altar to an unknown god.
There is a stone staircase leading up here.
h - a grey potion
Found a stone staircase leading up.
A kobold and an orc come into view.
The orc shouts!
An orc wizard comes into view. It is wielding a dagger.
There is a faded altar to an unknown god here.
This altar will convert you to a god.
You cannot discern which.
Do you pray? Xom accepts your prayer! Xom welcomes you!
Are you sure you want to abandon this character and quit the game? (Confirm with "yes".)

You could see an orc wizard (wandering), an orc and a kobold (sleeping).

Vanquished Creatures
  A dart slug (D:1)
  A giant cockroach (D:1)
  2 kobolds
4 creatures vanquished.

Action                   || total
-------------------------++-------
 Cast: Flame Tongue      ||     7
Dodge: Dodged            ||     3

Vault maps used:
D:1:      minmay_arrival_four_houses, minivault_11, minmay_misc_feat_rows,
          st_stairs_11
D:2:      lemuel_crystal_altar, marbit_many_paths
D:3:      ecumenical_altar_2, uniq_terence
